 Dungeon Crawl Stone Soup version 0.18-a0-1643-gb89d9db (webtiles) character file.

39 hexophile the Twirler (level 3, -1/39 HPs)
             Began as a Demonspawn Wanderer on Mar 28, 2016.
             Succumbed to Inquiry's ghost's poison
             ... on level 3 of the Dungeon.
             The game lasted 00:02:12 (1707 turns).

hexophile the Twirler (Demonspawn Wanderer)         Turns: 1707, Time: 00:02:12

Health: -1/39      AC: 21    Str: 11 (14) XL:     3   Next: 28%
Magic:  4/4        EV:  2    Int: 12 (13) God:
Gold:   68         SH:  0    Dex: 10 (11) Spells: 0 memorised, 4 levels left

rFire  . . .     SeeInvis .     b - +0 quarterstaff
rCold  . . .     Gourm    .     (armour currently unavailable)
rNeg   + + +     Faith    .     (shield currently unavailable)
rPois  +         Spirit   .     (helmet currently unavailable)
rElec  .         Dismiss  .     (cloak currently unavailable)
rCorr  .         Reflect  .     (gloves currently unavailable)
SustAt .         Harm     .     (boots currently unavailable)
MR     .....     NoTele   +     (no amulet)
Stlth  ++........               (no ring)
                                (no ring)

@: lethally poisoned (-1 -> -24), tree-form, not resistant to hostile
enchantments, unstealthy
A: (hooves 0), (poison resistance), powered by pain 1, wild magic 1
a: no special abilities


You were on level 3 of the Dungeon.
You were not hungry.
You were a tree.
You visited 1 branch of the dungeon, and saw 3 of its levels.

You collected 68 gold pieces.


Innate Abilities, Weirdness & Mutations

You sometimes gain a little power by taking damage.
((You have large cloven feet.))
((Your system is resistant to poisons.))
Your spells are a little harder to cast, but a little more powerful.

Inventory:

Hand Weapons
 b - a +0 quarterstaff (weapon)
Missiles
 m - 17 poisoned needles
Armour
 a - a +2 leather armour (melded)
Jewellery
 d - an uncursed amulet of dismissal {unknown}
 j - an uncursed ring of stealth {unknown}
Wands
 k - a wand of paralysis (15/24)
Scrolls
 c - 5 scrolls of teleportation
 f - 4 scrolls of identify {unknown}
 i - a scroll of magic mapping {unknown}
 n - a scroll of random uselessness {unknown}
 p - a scroll of fog {unknown}
Comestibles
 r - a bread ration


You had 4 spell levels left.
You didn't know any spells.


   Skills:
 - Level 1.0 Fighting
 + Level 4.0 Staves
 - Level 1.0 Dodging
 - Level 1.7 Stealth
 - Level 1.0 Spellcasting
   Level 1.0 Summonings
   Level 1.1 Necromancy

Dungeon Overview and Level Annotations

Branches:
Dungeon (3/15)

Altars:

Annotations:
D:3 Inquiry's ghost, weakling DsTm

Vault maps used:
D:1:      minmay_arrival_doors, serial_forest, infiniplex_forest_clump_diagonal,
          infiniplex_forest_lined_ring, infiniplex_forest_end_1,
          infiniplex_forest_clump_tiny, infiniplex_forest_straight_4,
          infiniplex_forest_lined_4_way, infiniplex_forest_clump_curved,
          infiniplex_forest_end_3, minmay_misc_feat_room, minmay_curled_crystal
D:3:      portal_sewer_entry_c, uniq_jessica
You       could see Inquiry's ghost, a quokka, a giant cockroach and 2
          hobgoblins.


Message History

Inquiry's ghost hits you.
You are more poisoned.
The hobgoblin hits you but does no damage.
The quokka barely misses you. The hobgoblin hits you with a club.
* * * LOW HITPOINT WARNING * * *
You lost 5 HP.
You have now: 13/39 HP.
You closely miss Inquiry's ghost.
Inquiry's ghost is moderately damaged.
You feel sick.
Inquiry's ghost hits you but does no damage.
The quokka barely misses you.
The hobgoblin hits you but does no damage.
Inquiry's ghost hits you but does no damage.
The hobgoblin hits you but does no damage.
You hit Inquiry's ghost.
Inquiry's ghost is heavily damaged.
You feel sick.
The quokka bites you but does no damage.
The hobgoblin hits you but does no damage.
Inquiry's ghost hits you but does no damage.
You are lethally poisoned!
The hobgoblin hits you but does no damage.
You lost 1 HP.
You have now: 12/39 HP.
You hit Inquiry's ghost.
Inquiry's ghost is severely damaged.
* * * LOW HITPOINT WARNING * * *
You feel sick.
The quokka bites you but does no damage.
The hobgoblin barely misses you. Inquiry's ghost hits you.
* * * LOW HITPOINT WARNING * * *
You are more poisoned.
The hobgoblin hits you but does no damage.
You lost 3 HP.
You have now: 9/39 HP.
You hit Inquiry's ghost but do no damage.
Inquiry's ghost is severely damaged.
* * * LOW HITPOINT WARNING * * *
You feel very sick. The quokka bites you.
* * * LOW HITPOINT WARNING * * *
The hobgoblin barely misses you. Inquiry's ghost completely misses you.
The quokka bites you but does no damage.
The hobgoblin hits you with a club.
* * * LOW HITPOINT WARNING * * *
!MASSIVE DAMAGE!
YOU LOST 8 HP!
You have now: 1/39 HP.
Unknown command.
You aren't carrying any potions.
You hit Inquiry's ghost.
Inquiry's ghost is almost destroyed.
You die...

Action                   || total
-------------------------++-------
Melee: Quarterstaff      ||   260
  Use: Potion            ||     5
 Stab: Sleeping          ||     1
  Eat: Chunk             ||     3

Notes
Turn   | Place    | Note
--------------------------------------------------------------
     0 | D:1      | hexophile the Demonspawn Wanderer began the quest for the Orb.
     0 | D:1      | hexophile set off with: a +2 leather armour, a +0 quarterstaff, a scroll of teleportation, a +0 dagger, a bread ration
     0 | D:1      | Reached XP level 1. HP: 15/15 MP: 2/2
   104 | D:1      | Reached skill level 3 in Staves
   291 | D:1      | Gained mutation: You sometimes gain a little power by taking damage. [demonic ancestry]
   291 | D:1      | Reached XP level 2. HP: 21/21 MP: 3/3
  1324 | D:2      | Reached XP level 3. HP: 22/26 MP: 4/4
  1443 | D:2      | Reached skill level 4 in Staves
  1691 | D:3      | Noticed Inquiry's ghost (weakling DsTm)
  1695 | D:3      | Gained mutation: Your system is resistant to poisons. [potion of mutation]
  1695 | D:3      | Gained mutation: You have large cloven feet. [potion of mutation]
  1695 | D:3      | Gained mutation: Your spells are a little harder to cast, but a little more powerful. [potion of mutation]
  1706 | D:3      | HP: 1/39 [hobgoblin/club (2)]
  1707 | D:3      | Succumbed to Inquiry's ghost's poison

Table legend:
 A = Turns spent in this place as a percentage of turns spent in the entire game.
 B = Non-inter-level travel turns spent in this place as a percentage of non-inter-level travel turns spent in the entire game.
 C = Inter-level travel turns spent in this place as a percentage of turns spent in this place.
 D = Turns resting spent in this place as a percentage of non-inter-level travel turns spent in this place.
 E = Turns spent auto-exploring this place as a percentage of non-inter-level travel turns spent in this place.
 F = Non-inter-level travel turns spent in this place divided by the number of levels of this place that you've seen.
                   A       B       C       D       E      F
               +-------+-------+-------+-------+-------+----------------------
         Total | 100.0 | 100.0 |   0.4 |   0.7 |  10.7 | 184.0
       Dungeon | 100.0 | 100.0 |   0.4 |   0.7 |  10.7 | 184.0
               +-------+-------+-------+-------+-------+----------------------

Table legend:
 A = Kills in this place as a percentage of kills in entire the game.
 B = Kills by you in this place as a percentage of kills by you in the entire game.
 C = Kills by friends in this place as a percentage of kills by friends in the entire game.
 D = Other kills in this place as a percentage of other kills in the entire game.
 E = Experience gained in this place as a percentage of experience gained in the entire game.
 F = Experience gained in this place divided by the number of levels of this place that you have seen.
                   A       B       C       D       E      F
               +-------+-------+-------+-------+-------+----------------------
         Total | 100.0 | 100.0 |  -nan |  -nan | 100.0 |  19.0
       Dungeon | 100.0 | 100.0 |  -nan |  -nan | 100.0 |  19.0
               +-------+-------+-------+-------+-------+----------------------

Vanquished Creatures
  An adder (D:2)
  An ooze (D:2)
  A dart slug (D:1)
  A ball python (D:2)
  3 giant cockroaches (D:1)
  5 goblins
  5 hobgoblins
  2 giant newts (D:2)
  3 rats
  2 bushes (D:1)
  A plant (D:1)
25 creatures vanquished.
